Map: Blackburn LE

Players

ViBE - Winner!

  • Race: Protoss Protoss
  • League: Platinum

GOPwillKillU

  • Race: Terran Terran
  • League: Platinum

VOD

Have the link to the VOD?

Description

Time

  • Played on: April 6, 2021, 9:55 p.m.
  • Length: 13:05
Show
View Real Time Build Order
Export as new Build Order

ViBE Protoss - Winner!

Build Orders: 1 Gate Expand, Archon Immortal 

Get SALT Encoding   

  12  0:00  Probe  
  13  0:12  Probe  
  14  0:19  Pylon  
  14  0:24  Probe  
  15  0:37  Gateway, Probe (Chrono Boost)  
  16  0:42  Assimilator  
  16  0:49  Probe (Chrono Boost)  
  17  0:56  Probe (Chrono Boost)  
  18  1:03  Probe  
  19  1:15  Probe  
  20  1:23  Nexus  
  20  1:35  Cybernetics Core  
  20  1:38  Probe  
  21  1:50  Probe  
  21  1:52  Assimilator  
  22  1:54  Pylon  
  22  2:05  Probe  
  23  2:09  Stalker (Chrono Boost)  
  25  2:16  Warp Gate  
  25  2:17  Probe  
  26  2:23  Pylon  
  26  2:27  Robotics Facility  
  26  2:31  Probe  
  26  2:35  Probe  
  28  2:43  Probe  
  29  2:47  Probe  
  29  2:55  Probe  
  30  2:59  Probe  
  30  3:00  Sentry  
  30  3:02  Shield Battery  
  33  3:07  Probe  
  33  3:11  Probe  
  35  3:12  Pylon  
  35  3:19  Probe  
  36  3:24  Probe  
  36  3:25  Pylon, Immortal (Chrono Boost)  
  37  3:32  Probe (Chrono Boost)  
  42  3:37  Probe (Chrono Boost)  
  43  3:44  Probe (Chrono Boost)  
  45  3:48  Probe (Chrono Boost)  
  45  3:51  Probe (Chrono Boost)  
  45  3:53  Pylon, Probe (Chrono Boost)  
  47  3:59  Observer  
  48  4:03  Gateway  
  48  4:05  Pylon  
  48  4:07  Stalker  
  48  4:08  Probe x2  
  45  4:20  Probe x2  
  47  4:32  Probe x2  
  49  4:40  Nexus  
  49  4:41  Pylon  
  49  4:44  Pylon, Probe  
  43  4:45  Probe  
  44  4:53  Assimilator x2  
  44  4:56  Probe (Chrono Boost)  
  44  4:58  Immortal  
  44  4:59  Probe (Chrono Boost)  
  50  5:08  Stalker  
  50  5:09  Probe (Chrono Boost)  
  50  5:10  Stalker  
  50  5:11  Probe (Chrono Boost)  
  56  5:14  Probe (Chrono Boost)  
  56  5:15  Probe (Chrono Boost)  
  58  5:32  Sentry  
  58  5:33  Stalker  
  58  5:35  Probe x2 (Chrono Boost)  
  64  5:37  Immortal  
  68  5:47  Probe x2 (Chrono Boost)  
  70  5:51  Twilight Council, Forge  
  70  5:53  Forge  
  70  5:55  Probe x2 (Chrono Boost)  
  73  5:57  Probe (Chrono Boost)  
  73  6:01  Probe x2  
  75  6:07  Probe  
  75  6:09  Stalker  
  77  6:13  Probe x2  
  77  6:15  Stalker  
  70  6:19  Probe  
  70  6:25  Charge, Probe x2  
  68  6:30  Protoss Ground Armor Level 1 (Chrono Boost)  
  68  6:31  Protoss Ground Weapons Level 1 (Chrono Boost), Probe  
  70  6:37  Probe  
  70  6:38  Probe  
  72  6:41  Immortal  
  72  6:43  Probe  
  72  6:45  Sentry  
  72  6:46  Stalker  
  81  6:49  Probe  
  81  6:50  Probe  
  83  6:55  Probe  
  84  7:02  Probe x2  
  84  7:07  Probe  
  87  7:12  Nexus  
  87  7:14  Pylon, Probe x2  
  89  7:18  Pylon  
  89  7:19  Zealot, Probe  
  89  7:20  Templar Archives, Zealot  
  94  7:24  Gateway x2  
  94  7:26  Probe  
  94  7:27  Probe  
  96  7:31  Probe  
  96  7:35  Immortal  
  101  7:38  Probe  
  101  7:39  Probe  
  101  7:40  Assimilator x2  
  101  7:44  Probe  
  104  7:50  Zealot x2  
  104  7:51  Probe x2  
  110  7:56  Probe  
  111  8:03  Probe x2  
  113  8:08  Gateway, Probe  
  113  8:09  Gateway  
  114  8:12  Gateway  
  114  8:15  Probe x2  
  114  8:16  Gateway  
  114  8:19  Pylon  
  116  8:20  Protoss Ground Weapons Level 2 (Chrono Boost), Probe  
  116  8:22  Protoss Ground Armor Level 2 (Chrono Boost)  
  116  8:23  Zealot x4  
  116  8:25  Immortal  
  129  8:27  Probe x2  
  131  8:43  Nexus  
  131  8:47  Pylon  
  131  8:49  Pylon  
  131  8:50  Pylon, High Templar x4  
  131  8:54  Pylon, Archon  
  131  8:55  Archon  
  139  9:06  High Templar x2  
  139  9:08  Immortal  
  147  9:12  Gateway  
  147  9:13  Gateway x2  
  147  9:17  Archon  
  147  9:18  Gateway  
  147  9:20  Zealot x2  
  151  9:35  Zealot x4  
  159  9:41  Nexus  
  159  9:46  Pylon  
  159  9:47  Immortal  
  159  9:49  Zealot  
  159  9:50  Zealot x3  
  171  9:57  Zealot x4  
  149  10:10  Gateway  
  149  10:11  Gateway  
  135  10:15  Gateway, Zealot  
  135  10:16  Zealot x7  
  135  10:17  Gateway  
  151  10:22  High Templar x4  
  151  10:23  Robotics Facility  
  159  10:34  Gateway  
  159  10:35  Gateway, Archon x2  
  159  10:37  Gateway  
  159  10:39  Gateway  
  159  10:40  Assimilator, Pylon  
  159  10:43  Photon Cannon  
  159  10:46  Photon Cannon  
  159  10:49  Photon Cannon  
  159  10:51  Assimilator  
  159  10:53  Photon Cannon  
  159  10:54  Photon Cannon  
  159  10:55  Assimilator  
  159  11:01  Stalker x6  
  159  11:02  Stalker x4  
  169  11:08  High Templar  
  169  11:09  High Templar x4  
  169  11:11  High Templar  
  171  11:14  Archon  
  171  11:15  Archon x2, Immortal (Chrono Boost)  
  155  11:40  Zealot x3  
  155  11:41  Zealot x10  
  155  11:43  Immortal (Chrono Boost)  
  155  11:45  Immortal (Chrono Boost)  
  189  11:55  Zealot x3  
  189  11:57  Zealot  
  197  12:01  Zealot  
  197  12:08  Observer  
  198  12:38  Nexus  
  198  12:41  Pylon  
  198  12:44  Pylon  
  192  12:45  Zealot x4  
  192  12:46  Zealot x5  
  192  12:47  Zealot  
  192  12:48  Zealot x2  
  192  12:49  Zealot  
  192  12:50  Zealot x3  
  192  12:51  Zealot  
  198  12:52  Zealot  
  198  12:54  High Templar x2  
  184  12:59  Archon  
Show
View Real Time Build Order
Export as new Build Order

GOPwillKillU Terran 

Build Orders:  

Get SALT Encoding   

  12  0:00  SCV  
  13  0:12  SCV  
  14  0:18  Supply Depot  
  14  0:24  SCV  
  15  0:29  Refinery  
  15  0:39  SCV  
  16  0:45  Barracks  
  16  0:51  SCV  
  17  0:59  Supply Depot  
  17  1:03  SCV  
  18  1:11  Refinery  
  18  1:16  SCV  
  19  1:28  SCV  
  19  1:32  Reaper  
  21  1:40  Orbital Command  
  21  1:48  Factory  
  21  2:05  Barracks Tech Lab  
  21  2:08  SCV  
  22  2:12  Supply Depot  
  22  2:20  SCV  
  23  2:25  Stimpack  
  23  2:27  Marauder  
  25  2:33  Starport  
  25  2:39  SCV  
  26  2:51  SCV  
  26  2:52  Marauder  
  28  3:00  Widow Mine  
  28  3:04  Supply Depot  
  30  3:10  Medivac  
  32  3:13  Marauder  
  34  3:28  Factory Tech Lab  
  34  3:36  Marauder  
  34  3:40  Command Center  
  36  3:48  Starport Reactor  
  36  3:55  Siege Tank  
  39  4:05  Supply Depot, Concussive Shells  
  35  4:29  Marine  
  35  4:30  Siege Tank  
  37  4:49  Liberator  
  37  4:52  SCV  
  41  4:55  Orbital Command  
  41  5:04  SCV  
  42  5:08  Command Center  
  42  5:13  Orbital Command  
  42  5:16  Marine, SCV  
  42  5:18  Combat Shield  
  44  5:28  Engineering Bay  
  44  5:29  Engineering Bay  
  44  5:35  Armory  
  44  5:42  SCV x2  
  46  5:54  SCV  
  46  5:55  SCV  
  48  5:58  Refinery  
  48  6:05  Bunker  
  48  6:06  SCV  
  39  6:21  SCV  
  37  6:25  SCV  
  37  6:26  Marine  
  37  6:28  Siege Tank  
  37  6:30  Liberator  
  45  6:33  SCV  
  45  6:36  Barracks  
  45  6:37  Barracks  
  45  6:38  SCV, Orbital Command  
  47  6:41  Barracks  
  47  6:45  SCV  
  48  6:49  Marine  
  48  6:51  SCV  
  50  6:54  Terran Infantry Armor Level 1, Terran Infantry Weapons Level 1  
  50  6:58  SCV  
  51  7:03  SCV  
  51  7:06  Hellion  
  54  7:10  SCV x2  
  57  7:16  SCV  
  57  7:17  Marauder  
  57  7:22  SCV  
  60  7:25  Barracks Tech Lab x2  
  60  7:26  SCV  
  60  7:27  Barracks Reactor  
  61  7:31  SCV  
  61  7:33  Refinery  
  61  7:34  SCV  
  63  7:38  SCV  
  63  7:40  Supply Depot, Terran Ship Weapons Level 1  
  63  7:41  Supply Depot  
  63  7:43  Supply Depot, Marauder, SCV  
  67  7:47  SCV  
  67  7:50  SCV  
  72  7:53  Siege Tank  
  72  7:55  SCV  
  75  7:59  Marauder x2  
  75  8:00  SCV  
  75  8:03  SCV  
  75  8:04  Marine, Supply Depot  
  80  8:07  Supply Depot  
  80  8:08  Liberator  
  80  8:09  Marine x2  
  80  8:10  Supply Depot  
  85  8:14  SCV x2  
  85  8:17  Refinery, SCV  
  85  8:18  Refinery  
  88  8:20  Marine  
  88  8:24  Marine x2  
  88  8:25  Supply Depot x3  
  88  8:26  SCV x2  
  93  8:31  Marine x2  
  93  8:32  SCV  
  96  8:38  SCV  
  97  8:42  SCV  
  97  8:43  Marine, Marauder x2  
  97  8:44  SCV, Siege Tank  
  97  8:47  Liberator  
  110  8:49  Marine  
  111  9:06  Marine x3  
  111  9:07  Marine x2  
  116  9:24  Marine  
  116  9:28  Marine x3  
  116  9:29  Marauder  
  122  9:32  Siege Tank, Liberator  
  122  9:37  Terran Infantry Weapons Level 2  
  128  9:39  SCV x2  
  128  9:40  SCV, Barracks  
  128  9:41  Barracks  
  128  9:42  Marine, Barracks  
  128  9:44  Barracks  
  132  9:46  Marine, Marauder  
  132  9:47  Barracks, Marauder  
  121  10:08  Marine x4  
  121  10:10  Liberator  
  116  10:15  Liberator  
  116  10:20  Marine  
  120  10:26  Marine  
  121  10:28  Barracks Reactor  
  121  10:29  Barracks Reactor  
  121  10:30  Barracks Reactor  
  121  10:32  Barracks Reactor, Marine  
  121  10:33  Marine x2  
  124  10:38  Marine  
  124  10:41  SCV  
  124  10:42  SCV x2  
  128  10:43  Marine  
  128  10:45  Command Center  
  129  10:50  Marine x2  
  129  10:53  Medivac  
  129  10:54  SCV x2  
  135  10:58  Medivac  
  135  11:00  Fusion Core  
  99  11:21  Marine x2  
  99  11:23  Liberator  
  104  11:25  Marine  
  104  11:26  Marine x5  
  104  11:27  Marine x6  
  104  11:28  Liberator  
  104  11:31  SCV x3  
  122  11:39  Marine x2  
  124  11:43  Marine x2  
  124  11:44  SCV x2  
  128  12:12  Marine x11, SCV x4, Marauder  
  128  12:13  Marauder x2  
  146  12:24  SCV x4  
  150  12:36  SCV x4  
  129  12:48  SCV x3  
Tags
 
Add a new tag
Caveats
  • Supply blocks, unpowered buildings, or Contaminate may cause inaccurate times.
  • Supply counts are checked every 10 seconds.